 Dungeon Crawl Stone Soup version 0.14-a0-817-g3f7b0b1 (webtiles) character file.

80 4tharraofdagon the Firebug (level 3, -6/27 HPs)
             Began as a Djinni Fire Elementalist on Nov 12, 2013.
             Killed by divine providence
             ... invoked by an orc priest
              (15 damage)
             ... on Level 5 of the Dungeon.
             The game lasted 00:02:53 (732 turns).

4tharraofdagon the Firebug (DjFE)                    Turns: 732, Time: 00:02:53

HP  -6/27        AC  2     Str  9      XL: 3   Next: 62%
MP   0/0         EV 12     Int 15      God:
Gold 27          SH  0     Dex 13      Spells:  2 memorised,  2 levels left

Res.Fire  : + + +   See Invis. : .   d - +5,+2 elf dagger
Res.Cold  : x . .   Warding    : .   a - +0 robe
Life Prot.: + + +   Conserve   : .   (no shield)
Res.Poison: .       Res.Corr.  : .   (no helmet)
Res.Elec. : .       Clarity    : .   (no cloak)
Sust.Abil.: . .     Spirit.Shd : .   (no gloves)
Res.Mut.  : .       Stasis     : .   (boots unavailable)
Res.Rott. : .       Flight     : +   (no amulet)
Saprovore : . . .                    (no ring)
                                     (no ring)

@: flying, not resistant to hostile enchantments, fairly stealthy
A: fire immunity, cold vulnerability, life protection 3
a: no special abilities


You were on level 5 of the Dungeon.
You were not hungry.

You visited 1 branch of the dungeon, and saw 5 of its levels.

You collected 27 gold pieces.

Inventory:

Hand weapons
 d - a +5,+2 elven dagger (weapon)
Armour
 a - a +0 robe (worn)
 k - a +1 ring mail
Scrolls
 e - a scroll of identify {unknown}
 g - a scroll of random uselessness {unknown}
 i - a scroll of curse jewellery {unknown}
 j - a scroll of teleportation {unknown}
Jewellery
 l - an uncursed ring of wizardry {unknown}
Potions
 f - a potion of curing {unknown}
 h - a potion of porridge {unknown}
Books
 b - a book of Flames

   Spells                             Type                      Level
   *Flame Tongue                      Conjuration/Fire             1
   Throw Flame                        Conjuration/Fire             2
   *Conjure Flame                     Conjuration/Fire             3
   Inner Flame                        Hexes/Fire                   3
   Sticky Flame                       Conjuration/Fire             4
   Fireball                           Conjuration/Fire             5
Carrion
 c - a goblin skeleton


   Skills:
 * Level 1.0 Fighting
 + Level 0.7 Armour
 - Level 1.7 Dodging
 - Level 1.5 Stealth
 + Level 2.1 Spellcasting
 - Level 2.2 Conjurations
 - Level 4.5 Fire Magic


You had 2 spell levels left.
You knew the following spells:

 Your Spells              Type           Power        Failure   Level  Hunger
a - Flame Tongue          Conj/Fire      ##...        8%          1    #......
b - Conjure Flame         Conj/Fire      ##......     21%         3    ####...


Dungeon Overview and Level Annotations

Branches:
Dungeon (5/27)
 Temple: D:4-7

Altars:


Innate Abilities, Weirdness & Mutations

You are immune to all types of fire, even holy and hellish.
You are vulnerable to cold.
You need no food.
You have no legs.
You are immune to negative energy.


Message History

The crimson imp hits you.
A scorpion comes into view.
The crimson imp blinks!
You see here an encrusted pearl ring.
l - an encrusted pearl ring The scorpion barely misses you.
The worker ant bites you but does no damage.
Unknown command.
The orc priest utters an invocation to Beogh.
You feel troubled.
Unknown command.
The orc priest invokes the aid of Beogh against you.
Something smites you! The worker ant barely misses you.
Unknown command.
Unknown command.
A manticore skeleton comes into view.
The orc priest mumbles some strange prayers to Beogh against you.
Something smites you!
Ouch! That really hurt!
You die...

... ...... ...Z#.#
#....#.# #....#.#
##......#
#.......#####..
#a##.......).)#
######.#####@##..#.#
#......##..........##
#....#.##.##a.)......
#.##5#..%....5#..#..#
#.##......$##.#.......
#####.####.#.........##.
...........#...##s####
.####..######.###o#
.###...## .........


You could see a worker ant, a scorpion, an orc priest, a crimson imp and a
manticore skeleton (dormant).

Vanquished Creatures
  2 adders
  2 worms
  An iguana skeleton (D:5)
  A giant gecko (D:1)
  A giant cockroach (D:5)
  2 goblins
  3 hobgoblins
  A bat (D:3)
  A giant newt (D:3)
  3 kobolds
  3 rats
20 creatures vanquished.

Notes
Turn   | Place    | Note
--------------------------------------------------------------
     0 | D:1      | 4tharraofdagon, the Djinni Fire Elementalist, began the quest for the Orb.
     0 | D:1      | Reached XP level 1. HP: 14/14 MP: 0/0
   313 | D:2      | Reached XP level 2. EP: 9/21
   457 | D:4      | Reached XP level 3. EP: 27/27
   462 | D:4      | Learned a level 3 spell: Conjure Flame
   493 | D:5      | Entered Level 5 of the Dungeon
   664 | D:4      | Reached skill level 1 in Fighting
   732 | D:5      | Killed from afar by an orc priest

Action                   || total
-------------------------++-------
Melee: Dagger            ||    27
 Cast: Flame Tongue      ||    28
       Conjure Flame     ||     2
  Use: Potion            ||     1
 Stab: Sleeping          ||     1
